 Dungeon Crawl Stone Soup version 0.26-a0-520-g952f204493 (webtiles) character file.

Game seed: 14054629171849542485

40 ANON1729 the Chopper (level 3, -8/33 HPs)
             Began as a Hill Orc Monk on Aug 12, 2020.
             Mangled by an iguana (10 damage)
             ... on level 2 of the Dungeon.
             The game lasted 00:00:47 (932 turns).

ANON1729 the Chopper (Hill Orc Monk)                 Turns: 932, Time: 00:00:47

Health: -8/33      AC:  2    Str: 12 (14) XL:     3   Next: 50%
Magic:  3/3        EV: 12    Int:  7 (10) God:
Gold:   92         SH:  0    Dex: 12 (13) Spells: 2/2 levels left

rFire    . . .     SeeInvis .   a - +0 hand axe
rCold    . . .     Faith    .   (no shield)
rNeg     . . .     Spirit   .   b - +0 robe
rPois    .         Reflect  .   (no helmet)
rElec    .         Harm     .   (no cloak)
rCorr    .                      (no gloves)
MR       .....                  (no boots)
Stlth    ++........             (no amulet)
HPRegen  0.11/turn              (no ring)
MPRegen  0.08/turn              (no ring)

@: no status effects
A: no striking features
a: no special abilities


You were on level 2 of the Dungeon.
You visited 1 branch of the dungeon, and saw 2 of its levels.

You collected 92 gold pieces.

Inventory:

Hand Weapons
 a - a +0 hand axe (weapon)
Armour
 b - a +0 robe (worn)
Scrolls
 d - 2 scrolls of identify {unknown}
 e - a scroll of amnesia {unknown}


   Skills:
 + Level 4.1 Fighting
 + Level 4.5 Axes
 * Level 2.3 Armour
 - Level 2.4 Dodging
 - Level 1.5 Stealth


You had 2 spell levels left.
You didn't know any spells.
Your spell library was empty.

Dungeon Overview and Level Annotations

Branches:
Dungeon (2/15)

Altars:


Message History

The frilled lizard completely misses you.
The iguana bites you!
* * * LOW HITPOINT WARNING * * *
You barely miss the iguana.
The iguana is lightly wounded.
You closely miss the frilled lizard. The frilled lizard closely misses you.
The iguana barely misses you.
You closely miss the iguana.
The iguana is lightly wounded.
You closely miss the frilled lizard. The frilled lizard bites you.
* * * LOW HITPOINT WARNING * * *
The iguana bites you.
* * * LOW HITPOINT WARNING * * *
It was a potion of degeneration.
There was something very wrong with that liquid.
You feel weakened.
You feel dopey.
You feel clumsy. The frilled lizard bites you.
* * * LOW HITPOINT WARNING * * *
The iguana bites you!
You die...

###.## #.##.# #..# #
##.# #.##......÷....#
###.##
#.##.####......#
.#.##
#.##.#####.....# #.##
#.# .. ....... #.#
#.##.....## #.#
#........# #.# ###
#ll####### #.# ..#
#.@# #.# #.# #..# #.#
#.# #..# #.# #.# #..#
#.# #.# #..#
#.########.####..###
#.##......(<)......##
#.†.................#
####.####.###.#.....#


You could see an iguana and a frilled lizard.

Vanquished Creatures
  3 adders (D:2)
  4 goblins
  2 hobgoblins (D:1)
  2 bats
  A frilled lizard (D:1)
  2 kobolds
  3 rats (D:1)
17 creatures vanquished.

Notes
Turn   | Place    | Note
-------+----------+-------------------------------------------
     0 | D:1      | ANON1729 the Hill Orc Monk began the quest for the Orb.
     0 | D:1      | Reached XP level 1. HP: 19/19 MP: 1/1
    83 | D:1      | Reached skill level 1 in Armour
   112 | D:1      | Reached XP level 2. HP: 27/27 MP: 2/2
   663 | D:2      | Reached XP level 3. HP: 30/33 MP: 3/3
   932 | D:2      | Mangled by an iguana

Illustrated notes

Levels and vault maps discovered:
D:1:      grunt_arrival_lava_bath, layout_basic
D:2:      layout_loops_ring, marbit_many_paths, lemuel_round_altar

Skill      XL: |  1  2 |
---------------+-------+-----
Armour         | 1 2 |  2.3
Fighting       | 4 |  4.1
Axes           | |  4.5
Dodging        | |  2.4
Stealth        | |  1.5

Action                   || total
-------------------------++-------
Melee: Hand axe          ||    66
  Use: Potion            ||     1
 Stab: Sleeping          ||     3
Armor: Robe              ||     9
Dodge: Dodged            ||    50

Table legend: (Time is in decaauts)
 A = Elapsed time spent in this place.
 B = Non-inter-level travel time spent in this place.
 C = Inter-level travel time spent in this place.
 D = Time resting spent in this place.
 E = Time spent auto-exploring this place.
 F = Levels seen in this place.
 G = Mean time per level.
                   A        B        C        D        E       F      G
               +--------+--------+--------+--------+--------+-----+--------+
         Total |    937 |    905 |     32 |    480 |    294 |   2 |  468.5 |
       Dungeon |    937 |    905 |     32 |    480 |    294 |   2 |  468.5 |
               +--------+--------+--------+--------+--------+-----+--------+

Top non-repeatable levels by time:
     D:2: 608 daAuts
     D:1: 328 daAuts
